 Dungeon Crawl Stone Soup version 0.27-a0-1184-ge86db4a01e (webtiles) character file.

Game seed: 15404242778321489693

60 bisexualwizard the Grave Robber (level 4, -4/39 HPs)
             Began as an Ogre Necromancer on May 19, 2021.
             Slain by Terence
             ... wielding a +0 flail
              (9 damage)
             ... on level 2 of the Dungeon.
             The game lasted 00:04:47 (1246 turns).

bisexualwizard the Grave Robber (Ogre Necromancer)  Turns: 1246, Time: 00:04:48

Health: -4/39      AC:  3    Str: 13    XL:     4   Next: 4%
Magic:  3/8        EV:  9    Int: 16    God:
Gold:   81         SH:  0    Dex:  9    Spells: 7/9 levels left

rFire    . . .     SeeInvis .   b - +0 dagger (venom)
rCold    . . .     Faith    .   (no shield)
rNeg     . . .     Spirit   .   a - +0 robe
rPois    .         Reflect  .   (helmet restricted)
rElec    .         Harm     .   (no cloak)
rCorr    .         Rampage  .   (gloves unavailable)
Will     .....                  (boots unavailable)
Stlth    +.........             h - amulet of regeneration
HPRegen  1.13/turn              (no ring)
MPRegen  0.11/turn              (no ring)

@: no status effects
A: large, unfitting armour, tough skin 1
a: no special abilities


You were on level 2 of the Dungeon.
You visited 1 branch of the dungeon, and saw 2 of its levels.

You collected 81 gold pieces.

Inventory:

Hand Weapons
 b - a +0 dagger of venom (weapon)
Armour
 a - a +0 robe (worn)
Jewellery
 h - an amulet of regeneration (around neck)
Scrolls
 c - a scroll of vulnerability {unknown}
 d - a scroll of enchant armour {unknown}
 e - a scroll of fog {unknown}
 f - a scroll of teleportation {unknown}
Potions
 g - a potion of lignification {unknown}
 i - a potion of attraction {unknown}


   Skills:
 + Level 0.3 Fighting
 - Level 0.3 Short Blades
 + Level 1.7 Dodging
 - Level 1.4 Stealth
 + Level 3.2 Spellcasting
 * Level 4.5 Necromancy


You had 7 spell levels left.
You knew the following spells:

 Your Spells              Type           Power      Damage    Failure   Level
a - Pain                  Necr           68%        1d7       2%          1
b - Animate Skeleton      Necr           34%        N/A       2%          1

Your spell library contained the following spells:

 Spells                   Type           Power      Damage    Failure   Level
 Vampiric Draining        Necr           8%         2d7       9%          3
 Animate Dead             Necr           8%         N/A       28%         4
 Agony                    Necr           17%        N/A       61%         5


Dungeon Overview and Level Annotations

Branches:
Dungeon (2/15)

Altars:

Annotations:
D:2 Terence


Innate Abilities, Weirdness & Mutations

You are too large for most types of armour.
You have tough skin. (AC +1)


Message History

Natasha's front paws start to glow.
Natasha stares at you and mumbles some strange words.
You resist with some effort.
Casting: Pain (safe; 3% risk of failure)
Confirm with . or Enter, or press ? or * to list all spells.
Aiming: Pain (safe; 3% risk of failure)
Press: ? - help, Shift-Dir - straight line, f - Natasha
Aim: Natasha (chance to affect: 75%) Natasha writhes in agony!
You hit Natasha.
Natasha is poisoned.
Natasha is severely wounded.
Natasha casts a spell.
Casting: Pain (safe; 3% risk of failure)
Confirm with . or Enter, or press ? or * to list all spells.
Aiming: Pain (safe; 3% risk of failure)
Press: ? - help, Shift-Dir - straight line, f/p - Natasha
Aim: Natasha (almost dead, very poisoned, chance to affect: 75%) Natasha writhes in agony.
You kill Natasha!
Moaning pathetically, Natasha's spirit plunges into the ground.
The white imp disappears in a puff of smoke!
You have reached level 4!
You hit Terence but do no damage. Terence hits you with a +0 flail! x2
Casting: Pain (safe; 2% risk of failure)
Confirm with . or Enter, or press ? or * to list all spells.
Aiming: Pain (safe; 2% risk of failure)
Press: ? - help, Shift-Dir - straight line, f - Terence
Aim: Terence, wielding a +0 flail and wearing a +0 scale mail (fast, chance to affect: 82%) Terence barely resists.
Terence hits you with a +0 flail.
Casting: Pain (safe; 2% risk of failure)
Confirm with . or Enter, or press ? or * to list all spells.
Aiming: Pain (safe; 2% risk of failure)
Press: ? - help, Shift-Dir - straight line, f/p - Terence
Aim: Terence, wielding a +0 flail and wearing a +0 scale mail (fast, chance to affect: 82%) Terence writhes in agony.
Terence hits you with a +0 flail!
* * * LOW HITPOINT WARNING * * *
Terence hits you with a +0 flail.
* * * LOW HITPOINT WARNING * * *
Terence hits you with a +0 flail!
You die...

######## ### . #(..@@.# ...#
.. ###.##.# .#.####### ...
#†# ... ..... ..# ....
####.########.#..###.##
.....##.............#........
.....h.......[##..###..#.....
.....##........#...†.........
... #............†.#....... .
#..........###.#.#.....


You could see Terence (fast).

Vanquished Creatures
  Natasha (D:2)
  A dart slug (D:1)
  2 ball pythons (D:1)
  4 endoplasms
  A giant cockroach (D:1)
  A goblin (D:1)
  2 hobgoblins
  6 jackals
  2 quokkas
  4 bats
  2 frilled lizards
  A kobold (D:1)
  4 rats (D:1)
31 creatures vanquished.

Vanquished Creatures (collateral kills)
  A frilled lizard (D:2)
1 creature vanquished.

Grand Total: 32 creatures vanquished

Notes
Turn   | Place    | Note
-------+----------+-------------------------------------------
     0 | D:1      | bisexualwizard the Ogre Necromancer began the quest for the
                  | Orb.
     0 | D:1      | Reached XP level 1. HP: 16/16 MP: 3/3
   199 | D:1      | Reached XP level 2. HP: 22/24 MP: 1/5
   201 | D:1      | Reached skill level 4 in Necromancy
   576 | D:1      | Learned a level 1 spell: Animate Skeleton
   713 | D:1      | Reached XP level 3. HP: 27/31 MP: 2/7
  1226 | D:2      | Noticed Natasha
  1231 | D:2      | Noticed Terence
  1241 | D:2      | Killed Natasha
  1242 | D:2      | Reached XP level 4. HP: 39/39 MP: 4/8
  1246 | D:2      | Slain by Terence

Illustrated notes

Levels and vault maps discovered:
D:1:      sevenhm_arrival_forest_fort_small_3, layout_basic, hex_medium
D:2:      layout_basic, shapermc_ecumenical_altar_flowoftime, hex_intersection,
          uniq_terence, uniq_natasha

Skill      XL: |  1  2  3 |
---------------+----------+-----
Necromancy     | 4 |  4.5
Spellcasting   | 3 |  3.2
Fighting       | |  0.3
Short Blades   | |  0.3
Dodging        | |  1.7
Stealth        | |  1.4

Action                   |  1- 3 |  4- 6 || total
-------------------------+-------+-------++-------
Melee: Dagger            |    30 |     1 ||    31
 Cast: Pain              |    43 |     2 ||    45
       Animate Skeleton  |     4 |       ||     4
Armor: Robe              |     6 |       ||     6
Dodge: Dodged            |    10 |       ||    10

Table legend: (Time is in decaauts)
 A = Elapsed time spent in this place.
 B = Non-inter-level travel time spent in this place.
 C = Inter-level travel time spent in this place.
 D = Time resting spent in this place.
 E = Time spent auto-exploring this place.
 F = Levels seen in this place.
 G = Mean time per level.
                   A        B        C        D        E       F      G
               +--------+--------+--------+--------+--------+-----+--------+
         Total |   1248 |   1231 |     17 |    378 |    628 |   2 |  624.0 |
       Dungeon |   1248 |   1231 |     17 |    378 |    628 |   2 |  624.0 |
               +--------+--------+--------+--------+--------+-----+--------+

Top non-repeatable levels by time:
     D:1: 968 daAuts
     D:2: 280 daAuts
